 Dungeon Crawl Stone Soup version 0.19.5 (webtiles) character file.

3 tidbits the Conjurer (level 1, -1/13 HPs)
             Began as a High Elf Wanderer on Nov 14, 2017.
             Slain by a hobgoblin (4 damage)
             ... on level 1 of the Dungeon.
             The game lasted 00:01:06 (114 turns).

tidbits the Conjurer (High Elf Wanderer)             Turns: 114, Time: 00:01:07

Health: -1/13      AC:  2    Str: 10    XL:     1   Next: 41%
Magic:  1/3        EV: 11    Int: 17    God:
Gold:   22         SH:  0    Dex: 13    Spells: 1 memorised, 1 level left

rFire  . . .     SeeInvis .     a - +2 dagger
rCold  . . .     Gourm    .     d - +0 robe
rNeg   . . .     Faith    .     (no shield)
rPois  .         Spirit   .     (no helmet)
rElec  .         Reflect  .     (no cloak)
rCorr  .         Harm     .     (no gloves)
MR     .....                    (no boots)
Stlth  ++........               (no amulet)
                                (no ring)
                                e - ring of wizardry

@: very slightly contaminated
A: no striking features
a: no special abilities


You were on level 1 of the Dungeon.
You were not hungry.

You visited 1 branch of the dungeon, and saw 1 of its levels.

You collected 22 gold pieces.

Inventory:

Hand Weapons
 a - a +2 dagger (weapon)
Armour
 d - a +0 robe (worn)
Jewellery
 e - a ring of wizardry (left hand)
   (You found it on level 1 of the Dungeon)
Scrolls
 h - a scroll of fog {unknown}
Potions
 b - a potion of haste
Books
 c - the Almanac of Blows and Bruises

   Spells                             Type                      Level
   a - Sting                          Conjuration/Poison           1
   b - Stone Arrow                    Conjuration/Earth            3
Comestibles
 f - a bread ration
 g - a beef jerky


   Skills:
 - Level 1.1 Fighting
 - Level 2.6 Short Blades
 + Level 0.0 Dodging
 - Level 2.2 Stealth
 - Level 1.3 Spellcasting
 - Level 3.2 Conjurations
   Level 1.2 Charms


You had one spell level left.
You knew the following spells:

 Your Spells              Type           Power        Failure   Level  Hunger
a - Sting                 Conj/Pois      #...         6%          1    ##.....


Dungeon Overview and Level Annotations

Branches:
Dungeon (1/15)

Altars:


Message History

Casting: Sting
Confirm with . or Enter, or press ? or * to list all spells.
Aiming: Sting
Press: ? - help, Shift-Dir - straight line, f - goblin
Aim: a goblin, wielding a dagger The sting misses the goblin.
Casting: Sting
Confirm with . or Enter, or press ? or * to list all spells.
Aiming: Sting
Press: ? - help, Shift-Dir - straight line, f/p - goblin
Aim: a goblin, wielding a dagger The sting hits the goblin.
The goblin is poisoned.
The goblin is heavily wounded.
Casting: Sting
Confirm with . or Enter, or press ? or * to list all spells.
Aiming: Sting
Press: ? - help, Shift-Dir - straight line, f/p - goblin
Aim: a goblin, wielding a dagger (heavily wounded, poisoned)
The sting hits the goblin.
You kill the goblin!
You see here a dagger.
Found 9 gold pieces.
Found a whip.
You now have 9 gold pieces.
A hobgoblin comes into view. It is wielding a club.
The hobgoblin shouts!
Casting: Sting
Confirm with . or Enter, or press ? or * to list all spells.
Aiming: Sting
Press: ? - help, Shift-Dir - straight line, f - hobgoblin
Aim: a hobgoblin, wielding a club The sting hits the hobgoblin.
The hobgoblin is poisoned.
The hobgoblin is heavily wounded.
Casting: Sting
Confirm with . or Enter, or press ? or * to list all spells.
You don't have enough magic to cast that spell.
You hit the hobgoblin.
You kill the hobgoblin!
A frilled lizard comes into view.
Things that are here:
a club; a hobgoblin corpse The frilled lizard hisses angrily.
You closely miss the frilled lizard.
The frilled lizard bites you but does no damage.
You hit the frilled lizard.
You kill the frilled lizard!
Found a scroll labeled ERCHECR GEGHIOH.
Found 13 gold pieces.
Found an escape hatch in the floor.
h - a scroll labeled ERCHECR GEGHIOH You now have 22 gold pieces (gained 13).
A hobgoblin comes into view.
The hobgoblin shouts!
Found a plate armour.
Casting: Sting
Confirm with . or Enter, or press ? or * to list all spells.
Aiming: Sting
Press: ? - help, Shift-Dir - straight line, f - hobgoblin
Aim: a hobgoblin The sting hits the hobgoblin.
The hobgoblin appears unharmed.
Casting: Sting
Confirm with . or Enter, or press ? or * to list all spells.
Aiming: Sting
Press: ? - help, Shift-Dir - straight line, f/p - hobgoblin
Aim: a hobgoblin You miscast Sting.
You are very lightly contaminated with residual magic.
Sparks fly from your hands!
Casting: Sting
Confirm with . or Enter, or press ? or * to list all spells.
Aiming: Sting
Press: ? - help, Shift-Dir - straight line, f/p - hobgoblin
Aim: a hobgoblin You miscast Sting.
You feel slightly ill.
The hobgoblin hits you but does no damage.
You hit the hobgoblin but do no damage. The hobgoblin closely misses you.
You barely miss the hobgoblin. You hit the hobgoblin.
The hobgoblin is moderately wounded.
The hobgoblin hits you.
A rat comes into view.
You closely miss the hobgoblin.
The hobgoblin is moderately wounded.
The hobgoblin hits you.
* * * LOW HITPOINT WARNING * * *
You hit the hobgoblin but do no damage.
The hobgoblin is moderately wounded.
The hobgoblin hits you.
* * * LOW HITPOINT WARNING * * *
Casting: Sting
Confirm with . or Enter, or press ? or * to list all spells.
Aiming: Sting
Press: ? - help, Shift-Dir - straight line, f/p - hobgoblin
Aim: a hobgoblin (lightly wounded)
The sting misses the hobgoblin.
The hobgoblin barely misses you.
You see here a dagger.
You see here a dagger.
The hobgoblin hits you.
You die...

#.[#........# #..#
# #..#..####..#
#).# ....#..#..#
#..# #..#
....r.....#
#..####..#
...##..#..#
#........#
#..#..####........#
##.#.............)#
#.#.........###..#
#.#..@......# #..#
#.#.g#####..# #..#
#.#..# #..###..#
#.r# #.......# #..#
#.<.....# #.)#
#r......# #..#
#...##..#
#..#####)..##..#
#....r.........#


You could see a hobgoblin and a rat.

Vanquished Creatures
  A goblin (D:1)
  A hobgoblin (D:1)
  A frilled lizard (D:1)
3 creatures vanquished.

Notes
Turn   | Place    | Note
-------+----------+-------------------------------------------
     0 | D:1      | tidbits the High Elf Wanderer began the quest for the Orb.
     0 | D:1      | tidbits set off with: a +2 dagger, a potion of haste, the Almanac of Blows and Bruises, a +0 robe, a bread ration
     0 | D:1      | Reached XP level 1. HP: 13/13 MP: 3/3
     0 | D:1      | Identified the Almanac of Blows and Bruises
     2 | D:1      | Learned a level 1 spell: Sting
   114 | D:1      | Slain by a hobgoblin

Action                   || total
-------------------------++-------
Melee: Dagger            ||     8
 Cast: Sting             ||     6
Armor: Robe              ||     2
Dodge: Dodged            ||     2

Table legend:
 A = Turns spent in this place as a percentage of turns spent in the entire game.
 B = Non-inter-level travel turns spent in this place as a percentage of non-inter-level travel turns spent in the entire game.
 C = Inter-level travel turns spent in this place as a percentage of turns spent in this place.
 D = Turns resting spent in this place as a percentage of non-inter-level travel turns spent in this place.
 E = Turns spent auto-exploring this place as a percentage of non-inter-level travel turns spent in this place.
 F = Non-inter-level travel turns spent in this place divided by the number of levels of this place that you've seen.
                   A       B       C       D       E      F
               +-------+-------+-------+-------+-------+----------------------
         Total | 100.0 | 100.0 |   0.0 |   0.0 |   0.0 | 102.0
       Dungeon | 100.0 | 100.0 |   0.0 |   0.0 |   0.0 | 102.0
               +-------+-------+-------+-------+-------+----------------------

Table legend:
 A = Kills in this place as a percentage of kills in entire the game.
 B = Kills by you in this place as a percentage of kills by you in the entire game.
 C = Kills by friends in this place as a percentage of kills by friends in the entire game.
 D = Other kills in this place as a percentage of other kills in the entire game.
 E = Experience gained in this place as a percentage of experience gained in the entire game.
 F = Experience gained in this place divided by the number of levels of this place that you have seen.
                   A       B       C       D       E      F
               +-------+-------+-------+-------+-------+----------------------
         Total | 100.0 | 100.0 |  -nan |  -nan | 100.0 |   5.0
       Dungeon | 100.0 | 100.0 |  -nan |  -nan | 100.0 |   5.0
               +-------+-------+-------+-------+-------+----------------------

Vault maps used:
D:1:      dpeg_arrival_boxorama
